Map: 카이로스 정션 - 래더

Players

TYTY (TY) - Winner!

  • Race: Terran Terran
  • League: Master
  • Spawn Location: 11:00

Dear

  • Race: Protoss Protoss
  • Spawn Location: 5:00

Event: IEM Season 13 - Katowice Server Qualifiers Asia 2

VOD

Have the link to the VOD?

Description

Time

  • Played on: Jan. 22, 2019, 5:44 a.m.
  • Length: 6:41

All games in this series

Show
View Real Time Build Order
Export as new Build Order

TYTY Terran - Winner!

Build Orders: 2 Factory, Cyclone Opening 

Get SALT Encoding   

  12  0:00  SCV  
  13  0:12  SCV  
  14  0:17  Supply Depot  
  14  0:24  SCV  
  15  0:42  Barracks  
  15  0:45  Refinery, SCV  
  16  0:52  Refinery  
  16  0:57  SCV  
  17  1:09  SCV  
  19  1:28  Orbital Command  
  19  1:29  Reaper  
  19  1:41  Factory  
  19  1:44  Supply Depot  
  19  1:54  SCV  
  20  2:05  Factory  
  20  2:07  SCV  
  20  2:11  Barracks Reactor  
  20  2:19  SCV  
  21  2:24  Factory Tech Lab  
  21  2:31  SCV  
  22  2:40  Supply Depot  
  22  2:43  Cyclone  
  25  2:47  Marine x2  
  27  2:51  Widow Mine  
  27  2:53  SCV  
  30  3:02  Mag-Field Accelerator  
  30  3:06  SCV  
  31  3:15  Cyclone  
  34  3:21  Supply Depot  
  34  3:22  Widow Mine  
  38  3:27  Widow Mine  
  38  3:31  Marine  
  39  3:49  Widow Mine x2, Bunker  
  39  3:50  Marine  
  44  3:56  SCV  
  44  3:59  Cyclone  
  46  4:08  SCV  
  44  4:30  Factory Tech Lab  
  44  4:31  Marine x2, Siege Tank  
  43  4:36  Supply Depot  
  45  4:48  Marine x2  
  46  4:58  Siege Tank  
  49  5:02  SCV  
  49  5:03  Supply Depot  
  50  5:14  Siege Tank  
  50  5:19  Marine x2  
  48  5:32  Siege Tank  
  50  5:37  Marine  
  50  5:41  SCV  
  51  5:47  Marine  
  52  5:54  Marine  
  53  6:00  SCV  
  50  6:05  Marine  
  51  6:12  Marine  
Show
View Real Time Build Order
Export as new Build Order

Dear Protoss 

Build Orders: 1 Gate Expand, Blink Stalkers 

Get SALT Encoding   

  12  0:00  Probe  
  13  0:12  Probe  
  14  0:18  Pylon  
  14  0:25  Probe  
  15  0:33  Probe  
  15  0:37  Gateway  
  15  0:41  Probe  
  16  0:48  Assimilator  
  17  0:51  Probe  
  18  1:03  Probe  
  19  1:15  Probe  
  20  1:24  Cybernetics Core  
  20  1:33  Nexus  
  20  1:39  Pylon  
  20  1:41  Probe  
  21  1:47  Assimilator  
  21  1:53  Probe  
  22  1:55  Adept  
  22  2:05  Probe  
  22  2:06  Warp Gate  
  24  2:13  Sentry  
  24  2:18  Probe  
  27  2:30  Probe  
  28  2:37  Stalker  
  28  2:41  Probe  
  28  2:42  Probe  
  31  2:49  Probe  
  32  2:51  Twilight Council  
  32  2:54  Probe  
  34  2:59  Probe  
  34  3:02  Blink  
  35  3:06  Probe  
  35  3:11  Probe  
  37  3:13  Gateway  
  37  3:15  Gateway  
  37  3:18  Probe  
  37  3:19  Shield Battery  
  38  3:23  Probe  
  39  3:30  Probe  
  40  3:35  Probe  
  41  3:48  Shield Battery  
  42  3:52  Shield Battery  
  34  4:09  Stalker x2  
  36  4:10  Stalker  
  34  4:23  Shield Battery  
  34  4:33  Stalker x2  
  34  4:35  Stalker  
  34  4:37  Probe x2  
  42  4:40  Robotics Facility  
  40  4:58  Stalker x2  
  44  5:00  Stalker  
  44  5:03  Pylon  
  46  5:20  Probe x2  
  46  5:28  Probe x2  
  46  5:29  Immortal  
  49  5:36  Pylon  
  46  5:44  Zealot x3  
  46  5:47  Probe x2  
  54  5:54  Dark Shrine  
  54  6:08  Zealot x3  
  38  6:29  Stalker  
  38  6:30  Stalker x2  

Tags
 
Add a new tag
Caveats
  • Supply blocks, unpowered buildings, or Contaminate may cause inaccurate times.
  • Supply counts are checked every 10 seconds.